Map: Thunderbird LE

Players

FredTuna

  • Race: Protoss Protoss
  • League: Diamond
  • Spawn Location: 11:00

Smeeeger - Winner!

  • Race: Zerg Zerg
  • League: Diamond
  • Spawn Location: 5:00

VOD

Have the link to the VOD?

Description

Time

  • Played on: Aug. 4, 2019, 12:59 p.m.
  • Length: 8:43
Show
View Real Time Build Order
Export as new Build Order

FredTuna Protoss 

Build Orders: 1 Gate Expand, Zealot Archon, Dark Templar Rush 

Get SALT Encoding   

  12  0:00  Probe  
  13  0:12  Probe  
  14  0:20  Probe  
  14  0:25  Pylon  
  15  0:43  Probe  
  15  0:46  Gateway  
  15  0:47  Assimilator  
  16  0:55  Probe  
  17  1:03  Probe  
  18  1:31  Nexus  
  18  1:36  Cybernetics Core  
  18  1:42  Pylon  
  18  1:46  Probe  
  19  1:57  Probe, Assimilator  
  20  2:13  Adept  
  22  2:16  Gateway  
  22  2:18  Probe  
  23  2:30  Probe  
  23  2:34  Stalker  
  23  2:38  Twilight Council  
  25  2:45  Probe  
  26  2:51  Probe  
  26  2:58  Pylon  
  27  3:04  Stalker  
  29  3:13  Probe  
  29  3:19  Dark Shrine  
  30  3:20  Probe  
  30  3:26  Adept  
  33  3:27  Warp Gate  
  33  3:40  Pylon  
  33  3:44  Adept  
  33  3:47  Probe  
  36  3:51  Probe  
  38  4:10  Probe  
  38  4:13  Probe  
  38  4:15  Robotics Facility  
  39  4:20  Gateway, Probe  
  39  4:21  Gateway  
  40  4:25  Probe  
  40  4:28  Probe  
  40  4:30  Assimilator  
  42  4:45  Probe, Charge  
  39  4:55  Probe  
  39  4:56  Pylon  
  39  4:58  Warp Prism  
  40  5:04  Shield Battery  
  42  5:13  Shield Battery  
  42  5:17  Dark Templar x2, Pylon  
  46  5:21  Dark Templar  
  46  5:25  Probe  
  46  5:28  Dark Templar  
  51  5:45  Immortal  
  51  5:49  Probe x2  
  57  5:50  Gateway  
  57  6:05  Probe  
  57  6:06  Probe  
  57  6:07  Zealot x3  
  57  6:08  Zealot  
  67  6:16  Immortal, Pylon  
  71  6:45  Dark Templar x2  
  71  6:46  Dark Templar x2  
  79  7:00  Dark Templar  
  79  7:06  Assimilator  
  79  7:08  Immortal  
  77  7:11  Archon  
  77  7:12  Archon  
  77  7:20  Gateway  
  77  7:22  Gateway  
  79  7:26  Pylon  
  79  7:27  Dark Templar  
  81  7:32  Pylon  
  81  7:35  Warp Prism, Archon  
  77  7:37  Zealot x3  
  75  7:47  Zealot  
  79  7:55  Probe x2  
  81  8:04  Dark Templar  
  83  8:06  Observer  
  83  8:07  Nexus  
  83  8:11  Dark Templar  
  86  8:20  Pylon  
Show
View Real Time Build Order
Export as new Build Order

Smeeeger Zerg - Winner!

Build Orders: Hatch First 

Get SALT Encoding   

  12  0:01  Drone  
  13  0:13  Overlord  
  13  0:17  Drone  
  14  0:31  Drone x2  
  16  0:40  Drone  
  17  0:55  Extractor  
  16  0:59  Hatchery, Drone  
  16  1:01  Drone  
  17  1:16  Spawning Pool  
  16  1:18  Drone  
  16  1:22  Drone  
  18  1:37  Drone  
  19  1:48  Overlord  
  19  2:02  Queen  
  19  2:03  Zergling x2  
  19  2:06  Zergling x2  
  23  2:16  Queen  
  23  2:19  Drone  
  23  2:20  Drone  
  27  2:22  Metabolic Boost  
  27  2:36  Drone x3  
  30  2:38  Overlord  
  30  2:51  Hatchery  
  29  2:53  Queen  
  29  2:56  Drone  
  32  2:59  Drone  
  33  3:05  Drone  
  33  3:06  Drone  
  35  3:19  Drone  
  37  3:20  Drone x2  
  37  3:21  Overlord  
  37  3:26  Drone x2  
  40  3:35  Drone x3, Overlord  
  40  3:36  Overlord  
  43  3:47  Drone x2  
  45  3:51  Extractor  
  45  3:52  Lair, Extractor  
  45  3:54  Drone x2  
  45  3:56  Roach Warren  
  45  3:57  Drone  
  44  4:09  Drone x2, Queen  
  45  4:11  Zergling x6  
  45  4:13  Zergling x2  
  51  4:17  Queen  
  51  4:24  Drone x2  
  55  4:29  Overlord x2  
  55  4:35  Overlord  
  55  4:42  Evolution Chamber  
  54  4:49  Drone x5  
  54  4:50  Drone x2  
  61  4:55  Glial Reconstitution  
  61  4:56  Queen  
  61  4:58  Spore Crawler  
  62  5:00  Spore Crawler  
  62  5:01  Drone x2  
  63  5:16  Roach x4  
  63  5:18  Zerg Missile Weapons Level 1  
  71  5:23  Drone  
  71  5:24  Drone x2  
  71  5:25  Spore Crawler, Drone  
  71  5:26  Drone x2  
  76  5:30  Overlord  
  76  5:34  Overseer  
  76  5:35  Overseer  
  76  5:39  Zergling x4  
  76  5:40  Zergling x4  
  76  5:41  Zergling x4  
  83  5:42  Drone  
  83  5:43  Drone  
  84  5:51  Pneumatized Carapace  
  84  5:56  Drone x2  
  86  5:58  Overlord x2  
  86  6:01  Roach x3  
  92  6:06  Zergling x4  
  94  6:12  Overlord x2, Extractor  
  94  6:14  Ravager  
  94  6:17  Drone  
  95  6:19  Hatchery  
  94  6:27  Roach x4  
  94  6:28  Roach x3  
  107  6:38  Roach x2  
  107  6:39  Roach x2  
  114  6:47  Zergling x2  
  114  6:48  Zergling x8  
  114  6:49  Spawning Pool  
  114  6:53  Roach x2  
  109  7:17  Roach  
  109  7:18  Roach x8  
  123  7:28  Overseer  
  122  7:30  Drone x4  
  122  7:31  Drone  
  105  7:55  Roach x11  
  127  7:58  Spore Crawler  
  127  8:00  Drone  
  127  8:02  Extractor  
  127  8:03  Ravager x2  
  128  8:07  Roach  
  128  8:08  Roach  
  132  8:14  Drone x2  
  132  8:18  Ravager  
  132  8:19  Overlord x3  
Tags
 
Add a new tag
Caveats
  • Supply blocks, unpowered buildings, or Contaminate may cause inaccurate times.
  • Supply counts are checked every 10 seconds.